 Dungeon Crawl Stone Soup version 0.29-a0-352-g0917bc69df (webtiles) character file.

Game seed: 186581224663744313

245 spaghetti the Covert (level 6, -14/49 HPs)
             Began as a Naga Summoner on Apr 24, 2022.
             Was a Plaything of Xom.
             Demolished by Prince Ribbit (17 damage)
             ... on level 5 of the Dungeon.
             The game lasted 00:06:42 (5680 turns).

spaghetti the Covert (Naga Summoner)                Turns: 5680, Time: 00:06:43

Health: -14/49     AC:  3    Str:  7 (10) XL:     6   Next: 10%
Magic:  3/9        EV:  9    Int: 17 (18) God:    Xom [..*...]
Gold:   218        SH:  0    Dex: 11      Spells: 3/9 levels left

rFire   . . .      SeeInvis +   l - +2 whip (venom) {mace}
rCold   . . .      Faith    .   (no shield)
rNeg    . . .      Spirit   .   a - +0 robe
rPois   +          Reflect  .   (no helmet)
rElec   .          Harm     .   (no cloak)
rCorr   .          Rampage  .   (no gloves)
Will    .....                   (no barding)
Stlth   ++++......              (no amulet)
HPRegen 0.16/turn               (no ring)
MPRegen 0.11/turn               (no ring)

@: short of breath, studying Stealth, very slow
A: AC +2, large, see invisible, deformed body, poison resistance, slowness 2,
spit poison 1, naga tail 1
a: Spit Poison, Renounce Religion


You were on level 5 of the Dungeon.
You worshipped Xom.
You were a toy of Xom.
You visited 1 branch of the dungeon, and saw 5 of its levels.

You collected 218 gold pieces.


Innate Abilities, Weirdness & Mutations

Your serpentine skin is tough. (AC +2)
You have supernaturally acute eyesight. (SInv)
Armour fits poorly on your strangely shaped body.
Your system is resistant to poisons. (rPois)
You cover ground very slowly.
You can spit poison.
You have a snake-like lower body.


   Skills:
 - Level 1.5 Dodging
 + Level 9.5 Stealth
 - Level 2.0 Spellcasting
 - Level 5.8 Summonings


You had 3 spell levels left.
You knew the following spells:

 Your Spells              Type           Power      Damage    Failure   Level
a - Summon Small Mammal   Summ           84%        N/A       1%          1
b - Call Imp              Summ           21%        N/A       2%          2
c - Call Canine Familiar  Summ           21%        N/A       5%          3

Your spell library contained the following spells:

 Spells                   Type           Power      Damage    Failure   Level
 Summon Guardian Golem    Hex/Summ       11%        N/A       17%         3
 Animate Skeleton         Necr           2%         N/A       19%         1
 Apportation              Tloc           2%         N/A       19%         1
 Summon Lightning Spire   Summ/Air       11%        N/A       50%         4
 Leda's Liquefaction      Hex/Erth       0%         N/A       88%         4
 Lee's Rapid Deconstruct  Erth           0%         3d5*      99%         5
 Statue Form              Tmut/Erth      0%         N/A       100%        6

Inventory:

Hand Weapons
 i - a +0 short sword {short}
   (You took it off a kobold on level 1 of the Dungeon)
 j - a +0 dagger {short}
   (You took it off a kobold on level 1 of the Dungeon)
 l - a +2 whip of venom (weapon) {mace}
   (You took it off a kobold on level 1 of the Dungeon)
 n - a +0 mace {mace}
   (You found it on level 1 of the Dungeon)
Missiles
 e - 6 poisoned darts {throwing}
 m - 98 stones {throwing}
 r - 3 curare-tipped darts {=fthrowing}
 u - 10 boomerangs {throwing}
Armour
 a - a +0 robe (worn)
Jewellery
 f - a ring of resist corrosion
   (You took it off a goblin on level 4 of the Dungeon)
 g - an amulet of faith {!P}
   (You found it on level 4 of the Dungeon)
Scrolls
 c - a scroll of immolation {unknown}
 d - a scroll of acquirement {unknown}
 h - a scroll of enchant armour {unknown}
 p - a scroll of vulnerability {unknown}
 q - 9 scrolls of identify {unknown}
 t - a scroll of enchant weapon {unknown}
 w - a scroll of amnesia {unknown}
 x - a scroll of holy word {unknown}
Potions
 b - a potion of magic
 k - a potion of degeneration {!q@e2}
 o - a potion of might {unknown}
 s - 2 potions of brilliance

Dungeon Overview and Level Annotations

Branches:
Dungeon (5/15)
 Temple: D:4-7

Altars:
Xom

Shops:
D:5 *

Annotations:
D:5 Prince Ribbit

#$.........#
#..........#
#..........#
#..........#
#........(.#
+..........#
###...hr5....######
.......Fr..........
.......@###........ ...
........###.#########...
........+..........##...
........###.######.##...
........# #$# #.##...
###+##<.. ..# #..#...
######## ##.#... #.....
##....


You could see Prince Ribbit (ally target), a friendly hound (summoned), a
friendly crimson imp (summoned) and 2 friendly quokkas.


Message History

You are too injured to fight recklessly!
You are too injured to fight recklessly!
You are too injured to fight recklessly!
You are too injured to fight recklessly!
You are too injured to fight recklessly!
You are too injured to fight recklessly!
You are too injured to fight recklessly!
Unknown command.
You hit Prince Ribbit.
Prince Ribbit is poisoned.
Prince Ribbit hits you! 😮 HP[-14]
You take 14 damage, and now have 30/49 hp.
MASSIVE DAMAGE!! (PAUSE) Unknown command.
Aiming: Spit Poison (1% risk of failure)
Press: ? - help, Shift-Dir - straight line, f - Prince Ribbit
Aim: Prince Ribbit (lightly wounded, very poisoned, 34% to hit)
The splash of poison hits Prince Ribbit!
Prince Ribbit hits you. Prince Ribbit hits you!
* * * LOW HITPOINT WARNING * * *
😨 HP[-12]
You take 12 damage, and now have 18/49 hp.
MASSIVE DAMAGE!! (PAUSE) Unknown command.
You closely miss Prince Ribbit. Prince Ribbit barely misses you.
Okay, then.
Casting: Call Imp (safe; 2% risk of failure)
Confirm with . or Enter, or press ? or * to list all spells.
You have got your breath back.
Prince Ribbit lets out a mournful croak.
Prince Ribbit hits you!
* * * LOW HITPOINT WARNING * * *
Prince Ribbit blinks! 😱 HP[-8] MP[-3]
You take 8 damage, and now have 10/49 hp.
You lost 3 mp, and now have 6/9 mp.
What are your orders? t - Shout!
Orders for allies: a - Attack new target. p - Attack previous target. r - Retreat! s - Stop attacking. g - Guard the area. f - Follow me.
Anything else - Cancel.
Gang up on whom?
Press: ? - help, Dir - move target, f/p - Prince Ribbit
Aim: Prince Ribbit (heavily wounded, poisoned, ally target) Attack!
Casting: Call Canine Familiar (dangerous; 5% risk of failure)
Confirm with . or Enter, or press ? or * to list all spells.
A beastly little devil appears in a puff of flame.
Your hound barely misses Prince Ribbit. 😱 MP[-2]
You lost 2 mp, and now have 4/9 mp.
Casting: Call Imp (safe; 2% risk of failure)
Confirm with . or Enter, or press ? or * to list all spells.
Your crimson imp closely misses Prince Ribbit. 😱 MP[-1]
You lost 1 mp, and now have 3/9 mp.
You closely miss Prince Ribbit.
Xom guffaws.
Your hound disappears in a puff of smoke!
Prince Ribbit hits you!
* * * LOW HITPOINT WARNING * * *
Your quokka bites Prince Ribbit.
Your crimson imp barely misses Prince Ribbit.
Prince Ribbit catches a baby bat with his tongue.
Prince Ribbit blinks! 😱 HP[-7]
You take 7 damage, and now have 3/49 hp.
Aiming: Spit Poison (1% risk of failure)
Press: ? - help, Shift-Dir - straight line, f/p - Prince Ribbit
Aim: Prince Ribbit (heavily wounded, poisoned, ally target, 34% to hit)
The splash of poison hits Prince Ribbit.
Prince Ribbit looks more healthy.
Prince Ribbit blinks!
What are your orders? t - Shout!
Orders for allies: a - Attack new target. p - Attack previous target. r - Retreat! s - Stop attacking. g - Guard the area. f - Follow me.
Anything else - Cancel.
Gang up on whom?
Press: ? - help, Dir - move target, f/p - Prince Ribbit
Aim: Prince Ribbit (severely wounded, ally target) Attack!
Your crimson imp blinks!
Your hound bites Prince Ribbit.
Casting: Summon Small Mammal (safe; 1% risk of failure)
Confirm with . or Enter, or press ? or * to list all spells.
Your quokka closely misses Prince Ribbit.
Your hound bites Prince Ribbit. 😱 MP[-1]
You lost 1 mp, and now have 2/9 mp.
Throw: 4 darts (curare) {=fthrowing}
Press: ? - help, Shift-Dir - straight line, f/p - Prince Ribbit
Aim: Prince Ribbit (almost dead, ally target, 28% to hit)
You throw a curare-tipped dart {=fthrowing}.
The curare-tipped dart {=fthrowing} misses Prince Ribbit.
Your quokka misses Prince Ribbit.
Your crimson imp misses Prince Ribbit. 😱 MP[+1]
You closely miss Prince Ribbit. Prince Ribbit hits you!
You die...
Xom roars with laughter!

Skill      XL: |  1  2  3  4  5 |
---------------+----------------+-----
Summonings     | 5 |  5.8
Stealth        | 5 9 |  9.5
Dodging        | |  1.5
Spellcasting   | |  2.0

Action                   |  1- 3 |  4- 6 || total
-------------------------+-------+-------++-------
Melee: Unarmed           |     2 |       ||     2
       Whip              |    70 |   107 ||   177
       Punch             |       |     1 ||     1
Throw: Dart              |       |     1 ||     1
 Cast: Summon Small Mamm |     8 |     5 ||    13
       Call Imp          |       |     7 ||     7
       Call Canine Famil |       |     6 ||     6
 Abil: Spit Poison       |     4 |    11 ||    15
  Use: Potion            |       |     7 ||     7
       Scroll            |       |     2 ||     2
 Stab: Sleeping          |     1 |     5 ||     6
Armor: Robe              |    13 |    23 ||    36
Dodge: Dodged            |    44 |    67 ||   111

Levels and vault maps discovered:
D:1:      sevenhm_arrival_forest_fort_large_2, layout_loops_ring
D:2:      layout_loops_ring
D:3:      layout_loops_ring, shapermc_ecumenical_altar_mp_vishouse, uniq_jessica
D:4:      layout_cave_pods, uniq_robin
D:5:      layout_basic, serial_shops, nicolae_shop_advertising_works
          [nicolae_subvault_shop_adworks], uniq_prince_ribbit1

Notes
Turn   | Place    | Note
-------+----------+-------------------------------------------
     0 | D:1      | spaghetti the Naga Summoner began the quest for the Orb.
     0 | D:1      | Reached XP level 1. HP: 15/15 MP: 3/3
     0 | D:1      | magus.rc [v1.9.6]
   168 | D:1      | HP: 2/15 [kobold/+0 short sword (2)]
   170 | D:1      | Reached XP level 2. HP: 4/22 MP: 3/5
   726 | D:1      | Reached XP level 3. HP: 14/28 MP: 3/6
  1018 | D:1      | Reached skill level 5 in Summonings
  1021 | D:1      | HP: 7/28 [gnoll/+0 club (3)]
  1621 | D:1      | Reached XP level 4. HP: 22/36 MP: 7/7
  1873 | D:1      | Learned a level 2 spell: Call Imp
  1877 | D:1      | Learned a level 3 spell: Call Canine Familiar
  3020 | D:3      | HP: 8/36 [gnoll/+0 spear (10)]
  3027 | D:3      | Reached skill level 4 in Stealth
  3036 | D:3      | Reached skill level 5 in Stealth
  3036 | D:3      | Reached XP level 5. HP: 18/42 MP: 8/8
  3402 | D:3      | Reached skill level 6 in Stealth
  3607 | D:3      | Noticed Jessica
  3612 | D:3      | Killed Jessica
  3613 | D:3      | Reached skill level 7 in Stealth
  3617 | D:3      | Found a faded altar of an unknown god.
  3679 | D:3      | Prayed at the altar of an unknown god.
  3679 | D:3      | Became a worshipper of Xom of Bloodstained Whimsey
  4328 | D:4      | Noticed Robin
  4329 | D:4      | XOM: potion effect (brilliance)
  4427 | D:4      | XOM: divination: detect creatures
  4661 | D:4      | Reached skill level 8 in Stealth
  4821 | D:4      | Reached skill level 9 in Stealth
  4821 | D:4      | Reached XP level 6. HP: 23/49 MP: 1/9
  4822 | D:4      | Killed Robin
  5179 | D:4      | XOM: silly message
  5348 | D:4      | You pick up a book of Cantrips and begin reading...
  5348 | D:4      | You add the spells Animate Skeleton and Apportation to your
                  | library.
  5383 | D:5      | Entered Level 5 of the Dungeon
  5575 | D:5      | Found Waogeb's General Store.
  5612 | D:5      | You pick up a book of the Earth and begin reading...
  5612 | D:5      | You add the spells Leda's Liquefaction, Lee's Rapid
                  | Deconstruction and Statue Form to your library.
  5663 | D:5      | Noticed Prince Ribbit
  5671 | D:5      | HP: 10/49 [Prince Ribbit (8)]
  5675 | D:5      | XOM: cast spell 'Call Canine Familiar'
  5675 | D:5      | HP: 3/49 [Prince Ribbit (8)]
  5680 | D:5      | Demolished by Prince Ribbit

Vanquished Creatures
  Jessica (D:3)
  6 gnolls
  3 adders
  3 dart slugs
  An orc (D:4)
  5 ball pythons
  3 endoplasms
  3 giant cockroaches
  6 goblins
  A hobgoblin (D:4)
  5 jackals (D:1)
  7 kobolds
  5 quokkas
  5 bats
  3 frilled lizards
  6 rats
63 creatures vanquished.

Vanquished Creatures (collateral kills)
  An orc wizard (D:4)
  2 adders
  4 orcs (D:4)
  6 goblins (D:4)
  2 kobolds (D:1)
  2 rats (D:1)
17 creatures vanquished.

Vanquished Creatures (others)
  Robin (D:4)
1 creature vanquished.

Grand Total: 81 creatures vanquished

Table legend:
 A = Non-vault XP
 B = Vault XP
 C = Vault XP percentage of total XP
 D = Non-vault monster count
 E = Vault monster count
 F = Vault count percentage of total count
                 A         B        C        D         E       F
            +---------+---------+-------+---------+---------+-------
      Total |     285 |      66 |  18.8 |      68 |      13 |  16.0
            +---------+---------+-------+---------+---------+-------
        D:1 |      83 |       0 |   0.0 |      35 |       0 |   0.0
        D:2 |      44 |       0 |   0.0 |      14 |       0 |   0.0
        D:3 |      76 |      37 |  32.7 |      10 |       1 |   9.1
        D:4 |      64 |      29 |  31.2 |       7 |      12 |  63.2
        D:5 |      18 |       0 |   0.0 |       2 |       0 |   0.0
            +---------+---------+-------+---------+---------+-------

Illustrated notes

Table legend:
 A = Kills in this place as a percentage of kills in entire the game.
 B = Kills by you in this place as a percentage of kills by you in the entire game.
 C = Kills by friends in this place as a percentage of kills by friends in the entire game.
 D = Other kills in this place as a percentage of other kills in the entire game.
 E = Experience gained in this place as a percentage of experience gained in the entire game.
 F = Experience gained in this place divided by the number of levels of this place that you have seen.
                   A       B       C       D       E      F
               +-------+-------+-------+-------+-------+----------------------
         Total | 100.0 | 100.0 | 100.0 | 100.0 | 100.0 |  70.2
       Dungeon | 100.0 | 100.0 | 100.0 | 100.0 | 100.0 |  70.2
               +-------+-------+-------+-------+-------+----------------------

Table legend: (Time is in decaauts)
 A = Elapsed time spent in this place.
 B = Non-inter-level travel time spent in this place.
 C = Inter-level travel time spent in this place.
 D = Time resting spent in this place.
 E = Time spent auto-exploring this place.
 F = Levels seen in this place.
 G = Mean time per level.
                   A        B        C        D        E       F      G
               +--------+--------+--------+--------+--------+-----+--------+
         Total |   6796 |   6672 |    124 |   1269 |   4766 |   5 | 1359.2 |
       Dungeon |   6796 |   6672 |    124 |   1269 |   4766 |   5 | 1359.2 |
               +--------+--------+--------+--------+--------+-----+--------+

Top non-repeatable levels by time:
     D:1: 2170 daAuts
     D:4: 1685 daAuts
     D:3: 1430 daAuts
     D:2: 1168 daAuts
     D:5: 341 daAuts
